 Dungeon Crawl Stone Soup version 0.30.0-29-ga12c61a403 (webtiles) character file.

Game seed: 13462371680936023654

557 seaoflcl the Shield-Bearer (level 7, -2/60 HPs)
             Began as a Gnoll Fighter on June 15, 2023.
             Was a Follower of Elyvilon.
             Slain by a gnoll
             ... wielding a +0 club
             ... led by a gnoll bouda
              (6 damage)
             ... on level 7 of the Dungeon.
             The game lasted 00:05:36 (3933 turns).

seaoflcl the Shield-Bearer (Gnoll Fighter)          Turns: 3933, Time: 00:05:37

Health: -2/60      AC:  7    Str: 23    XL:     7   Next: 30%
Magic:  10/10      EV: 10    Int:  7    God:    Elyvilon [*.....]
Gold:   154        SH:  5    Dex: 12    Spells: 11/11 levels left

rFire   . . .        q - +1 mace (heavy)
rCold   . . .        c - +0 buckler
rNeg    . . .        b - +0 scale mail
rPois   .            (no helmet)
rElec   .            (no cloak)
rCorr   +            (no gloves)
SInv    .            (no boots)
Will    .....        (no amulet)
Stlth   +            j - +6 ring of strength
HPRegen 0.30/turn    l - ring of resist corrosion
MPRegen 0.12/turn

%: no passive effects
@: no status effects
A: fangs 1, strong nose, distributed training
a: Renounce Religion, Purification


You were on level 7 of the Dungeon.
You worshipped Elyvilon.
Elyvilon was aware of your devotion.
You visited 1 branch of the dungeon, and saw 7 of its levels.

You collected 154 gold pieces.

Inventory:

Hand Weapons
 a - a +0 war axe
 q - a +1 heavy mace (weapon)
 v - a +2 mace of draining
Missiles
 g - 7 poisoned darts (quivered)
Armour
 b - a +0 scale mail (worn)
 c - a +0 buckler (worn)
Jewellery
 j - a +6 ring of strength (left hand)
 l - a ring of resist corrosion (right hand)
 w - a +6 ring of strength
Wands
 t - a wand of polymorph (9)
Scrolls
 e - 9 scrolls of identify {unknown}
 f - a scroll of teleportation {unknown}
 h - a scroll of silence {unknown}
 i - a scroll of noise {unknown}
 s - a scroll of enchant weapon {unknown}
Potions
 d - a potion of might
 k - a potion of flight {unknown}
 m - a potion of lignification {unknown}
 n - a potion of curing {unknown}
 o - 2 potions of attraction {unknown}
 p - a potion of mutation {unknown}
 r - 3 potions of haste {unknown}
 u - a potion of degeneration {unknown}


   Skills:
 + Level 7.0 Fighting
 + Level 2.5 Short Blades
 + Level 2.5 Long Blades
 + Level 5.2 Axes
 + Level 2.5 Maces & Flails
 + Level 2.5 Polearms
 + Level 2.5 Staves
 + Level 2.5 Ranged Weapons
 + Level 2.5 Throwing
 + Level 7.0 Armour
 + Level 2.5 Dodging
 + Level 2.5 Stealth
 + Level 7.0 Shields
 + Level 2.5 Unarmed Combat
 + Level 2.5 Spellcasting
 + Level 2.0 Conjurations
 + Level 2.0 Hexes
 + Level 2.0 Summonings
 + Level 2.0 Necromancy
 + Level 2.0 Translocations
 + Level 2.0 Transmutations
 + Level 2.0 Fire Magic
 + Level 2.0 Ice Magic
 + Level 2.0 Air Magic
 + Level 2.0 Earth Magic
 + Level 2.0 Poison Magic
 + Level 2.8 Invocations
 + Level 2.5 Evocations


You had 11 spell levels left.
You didn't know any spells.
Your spell library contained the following spells:

 Spells                   Type           Power      Damage    Failure   Level
 Slow                     Hex            12%        N/A       38%         1
 Blink                    Tloc           6%         N/A       54%         2
 Ensorcelled Hibernation  Hex/Ice        6%         N/A       54%         2
 Lesser Beckoning         Tloc           6%         N/A       54%         2
 Momentum Strike          Conj/Tloc      6%         3d8       54%         2
 Passwall                 Tmut/Erth      2%         N/A       54%         2
 Confusing Touch          Hex            3%         N/A       77%         3
 Swiftness                Air            3%         N/A       77%         3
 Vampiric Draining        Necr           3%         2d6       77%         3


Dungeon Overview and Level Annotations

Branches:
Dungeon (8/15)
 Temple: D:4-7         Lair: D:8-11

Altars:
Elyvilon
Kikubaaqudgha
The Shining One

Annotations:
D:7 1 runed translucent door, mkat's ghost, novice GnIE


Innate Abilities, Weirdness & Mutations

You have very sharp teeth.
Your uncanny sense of smell can sniff out nearby items.
Your experience applies equally to all skills.


Message History

The gnoll hits you from afar with a +0 halberd.
The gnoll closely misses you. You block the gnoll's attack.
The gnoll hits you but does no damage.
You sock the gnoll bouda!
The gnoll bouda is heavily wounded.
The gnoll hits you with a +0 club. The gnoll completely misses you.
You block the gnoll's attack. You block the gnoll bouda's attack.
The gnoll barely misses you. The gnoll closely misses you.
The gnoll hits you but does no damage. The gnoll bouda completely misses you.
The gnoll barely misses you.
You thump the gnoll bouda!
You kill the gnoll bouda!
The gnoll hits you but does no damage. The gnoll misses you.
The gnoll hits you with a +0 flail. The gnoll hits you but does no damage.
The gnoll hits you from afar with a +0 halberd.
You block the gnoll's attack. The gnoll barely misses you.
The gnoll hits you from afar with a +0 spear.
You barely miss the gnoll. You bite the gnoll, but do no damage.
The gnoll hits you from afar with a +0 halberd.
You block the gnoll's attack. The gnoll closely misses you.
The gnoll completely misses you. The gnoll closely misses you.
The gnoll hits you but does no damage. The gnoll barely misses you.
You barely miss the gnoll. The gnoll hits you but does no damage.
The gnoll hits you from afar with a +0 halberd.
The gnoll completely misses you. The gnoll hits you with a +0 club.
You block the gnoll's attack.
Unknown command.
You barely miss the gnoll.
The gnoll hits you from afar with a +0 halberd!
* * * LOW HITPOINT WARNING * * *
The gnoll hits you with a +0 club.
* * * LOW HITPOINT WARNING * * *
The gnoll misses you. You block the gnoll's attack. x2
The gnoll hits you with a +0 club.
* * * LOW HITPOINT WARNING * * *
The gnoll hits you with a +0 flail!
* * * LOW HITPOINT WARNING * * *
The gnoll hits you but does no damage. The gnoll hits you with a +0 club.
You die...

.......... .....
.......... #...#
.......... #...####
...##..## #......+
...###########......
#........)..##..gg#
##..........####g####.#
W+..........'..g......+
##..#'####..#...@.....#
#...#...##..#...^.....#
...##...##..##........#
...##...##..##........#
...##...##..##+#####.##
... #...##..# .#
∆#...#.... . #...#....
.


You could see 4 gnolls.

Vanquished Creatures
  An orc warrior (D:7)
  An ice beast (D:4)
  A scorpion (D:4)
  A hound (D:5)
  A gnoll bouda (D:7)
  2 iguanas (D:4)
  An orc wizard (D:4)
  5 gnolls
  3 adders
  A worm (D:4)
  2 dart slugs
  9 orcs
  2 bat zombies (D:3)
  4 endoplasms
  6 giant cockroaches
  7 goblins
  5 hobgoblins
  9 jackals
  4 quokkas
  5 ball pythons
  3 bats (D:1)
  4 frilled lizards
  8 kobolds
  5 rats
  2 rat zombies (D:3)
92 creatures vanquished.

Notes
Turn   | Place    | Note
-------+----------+-------------------------------------------
     0 | D:1      | seaoflcl the Gnoll Fighter began the quest for the Orb.
     0 | D:1      | Reached XP level 1. HP: 23/23 MP: 1/1
   103 | D:1      | Reached XP level 2. HP: 28/29 MP: 2/2
   440 | D:1      | Reached XP level 3. HP: 35/35 MP: 3/3
   843 | D:2      | Reached skill level 1 in Invocations
  1300 | D:3      | Reached skill level 1 in Short Blades
  1300 | D:3      | Reached skill level 1 in Long Blades
  1300 | D:3      | Reached skill level 1 in Maces & Flails
  1300 | D:3      | Reached skill level 1 in Polearms
  1300 | D:3      | Reached skill level 1 in Staves
  1300 | D:3      | Reached skill level 1 in Ranged Weapons
  1300 | D:3      | Reached skill level 1 in Throwing
  1300 | D:3      | Reached skill level 1 in Dodging
  1300 | D:3      | Reached skill level 1 in Stealth
  1300 | D:3      | Reached skill level 1 in Unarmed Combat
  1300 | D:3      | Reached skill level 1 in Spellcasting
  1300 | D:3      | Reached skill level 1 in Evocations
  1532 | D:3      | Reached XP level 4. HP: 41/41 MP: 5/5
  1538 | D:3      | Found a white marble altar of Elyvilon.
  1556 | D:3      | Found a faded altar of an unknown god.
  1563 | D:3      | Became a worshipper of Elyvilon the Healer
  1612 | D:3      | Found an ancient bone altar of Kikubaaqudgha.
  1670 | D:3      | Found a glowing golden altar of the Shining One.
  1861 | D:3      | Reached skill level 1 in Conjurations
  1861 | D:3      | Reached skill level 1 in Hexes
  1861 | D:3      | Reached skill level 1 in Summonings
  1861 | D:3      | Reached skill level 1 in Necromancy
  1861 | D:3      | Reached skill level 1 in Translocations
  1861 | D:3      | Reached skill level 1 in Transmutations
  1861 | D:3      | Reached skill level 1 in Fire Magic
  1861 | D:3      | Reached skill level 1 in Ice Magic
  1861 | D:3      | Reached skill level 1 in Air Magic
  1861 | D:3      | Reached skill level 1 in Earth Magic
  1861 | D:3      | Reached skill level 1 in Poison Magic
  2158 | D:4      | Reached XP level 5. HP: 43/47 MP: 7/7
  2260 | D:4      | Reached * piety under Elyvilon
  2579 | D:4      | Reached XP level 6. HP: 28/53 MP: 8/8
  2919 | D:4      | Reached skill level 5 in Axes
  3082 | D:4      | Noticed an ice beast
  3092 | D:4      | Killed an ice beast
  3548 | D:5      | Entered Level 5 of the Dungeon
  3576 | D:5      | You fall into a shaft and drop 3 floors!
  3689 | D:7      | Noticed an orc warrior
  3692 | D:7      | Found a runed translucent door.
  3692 | D:7      | Noticed mkat's ghost (novice GnIE)
  3713 | D:7      | Killed an orc warrior
  3714 | D:7      | Reached XP level 7. HP: 42/60 MP: 10/10
  3931 | D:7      | HP: 3/60 [gnoll/+0 flail[a gnoll bouda] (7)]
  3933 | D:7      | Slain by a gnoll

Illustrated notes

Levels and vault maps discovered:
D:1:      minmay_arrival_up_and_down, layout_basic, serial_bayou_lagoon_a
D:2:      layout_loops_ring, grunt_decor_one_mirror
D:3:      layout_loops_ring, nicolae_overflow_hidden_temple,
          nicolae_elyvilon_peaceful_grove, lemuel_zombie_altar_kikubaaqudgha,
          ebering_ecumenical_altar_abandoned
D:4:      layout_basic, minmay_vboxes
D:5:      layout_loops_cross, temple_green, uniq_eustachio
D:7:      wander_river, layout_gridville, serial_shops, shop,
          hellmonk_ghost_happy_afterlife, uniq_maggie
D:8:      layout_loops_cross, fedhas_altar_fruit_tree

Skill      XL: |  1  2  3  4  5  6 |
---------------+-------------------+-----
Invocations    | 1 2 |  2.8
Short Blades   | 1 2 |  2.5
Long Blades    | 1 2 |  2.5
Maces & Flails | 1 2 |  2.5
Polearms       | 1 2 |  2.5
Staves         | 1 2 |  2.5
Ranged Weapons | 1 2 |  2.5
Throwing       | 1 2 |  2.5
Dodging        | 1 2 |  2.5
Stealth        | 1 2 |  2.5
Unarmed Combat | 1 2 |  2.5
Spellcasting   | 1 2 |  2.5
Evocations     | 1 2 |  2.5
Conjurations   | 1 2 |  2.0
Hexes          | 1 2 |  2.0
Summonings     | 1 2 |  2.0
Necromancy     | 1 2 |  2.0
Translocations | 1 2 |  2.0
Transmutations | 1 2 |  2.0
Fire Magic     | 1 2 |  2.0
Ice Magic      | 1 2 |  2.0
Air Magic      | 1 2 |  2.0
Earth Magic    | 1 2 |  2.0
Poison Magic   | 1 2 |  2.0
Axes           | 5 |  5.2
Fighting       | 7 |  7.0
Armour         | 7 |  7.0
Shields        | 7 |  7.0

Action                     |  1- 3 |  4- 6 |  7- 9 || total
---------------------------+-------+-------+-------++-------
  Melee: War axe           |   117 |    10 |       ||   127
         Bite              |     6 |     7 |     1 ||    14
         Mace              |       |   133 |     8 ||   141
  Throw: Dart              |       |     6 |       ||     6
 Armour: Scale mail        |    60 |   114 |    10 ||   184
  Dodge: Dodged            |    67 |   127 |    15 ||   209
  Block: Buckler           |    36 |    78 |     8 ||   122
